 Dungeon Crawl Stone Soup version 0.32-a0-468-g38b2580584 (webtiles) character file.

Game seed: 9932036683580117114

144089 ryw the Marksdemonspawn (level 16, -8/109 HPs)
             Began as a Demonspawn Monk on Feb 23, 2024.
             Was the Champion of Hepliaklqana.
             Mangled by an alligator (14 damage)
             ... on level 2 of the Swamp on Feb 25, 2024.
             The game lasted 01:00:35 (27252 turns).

ryw the Marksdemonspawn (Demonspawn Monk)          Turns: 27252, Time: 01:00:35

Health: -8/109     AC: 12    Str: 12    XL:     16   Next: 84%
Magic:  33/33      EV: 22    Int: 19    God:    Hepliaklqana [******]
Gold:   346        SH:  0    Dex: 18    Spells: 29/31 levels left

rFire   + .          .
                       - Unarmed
rCold   . . .        (no shield)
rNeg    . . .        E - +2 robe {Will+}
rPois   .            h - +1 helmet
rElec   .            J - +0 cloak of the New World {Rampage rF+ Int+3}
rCorr   .            (gloves unavailable)
SInv    .            q - +0 pair of boots
Will    ++...        c
                       - Hermit's Pendant {Faith Invo=14 Evo=0 MP+5}
Stlth   +            p - +4 ring of slaying
HPRegen 0.38/turn    B - +5 ring of evasion
MPRegen 0.46/turn

%: rampage, faith
@: very slow
A: reduced essence, claws 3, slimy green scales 2, ignite blood 2, magic
regeneration
a: Renounce Religion, Recall Ancestor, Ancestor Identity, Transference, Idealise


You were on level 2 of the Swamp.
You worshipped Hepliaklqana.
Hepliaklqana was exalted by your worship.
You visited 5 branches of the dungeon, and saw 25 of its levels.
You also visited: Ossuary.

You collected 2393 gold pieces.
You spent 2047 gold pieces at shops.

Inventory:

Hand Weapons
 b - the +8 longbow "Zephyr" {speed, Dex+3 SInv}
   (You acquired it on level 3 of the Dungeon)

   Dex+3:     It affects your dexterity (+3).
   SInv:      It lets you see invisible.
Armour
 h - a +1 helmet (worn)
 q - a +0 pair of boots (worn)
 E - a +2 robe of willpower (worn)
 J - the +0 cloak of the New World (worn) {Rampage rF+ Int+3}
   (You acquired it on level 2 of the Orcish Mines)

   Int+3:     It affects your intelligence (+3).
   rF+:       It protects you from fire.
   Rampage:   It bestows one free step when moving towards enemies.
Jewellery
 c - the Hermit's Pendant (around neck) {Faith Invo=14 Evo=0 MP+5}
   (You found it on level 9 of the Dungeon)

   [amulet of faith]

   Invo=14: It sets your Invocations skill to 14.
   Evo=0: It sets your Evocations skill to 0.
   Faith:     It allows you to gain divine favour quickly.
   MP+5:      It affects your magic capacity (+5).
 d - a ring of willpower
 p - a +4 ring of slaying (left claw)
 x - a ring of poison resistance
 z - a ring of resist corrosion
 B - a +5 ring of evasion (right claw)
 N - an amulet of magic regeneration
Wands
 g - a wand of digging (12)
 l - a wand of roots (21)
 m - a wand of quicksilver (25)
 D - a wand of flame (45)
 I - a wand of mindburst (3)
 K - a wand of paralysis (10)
 M - a wand of polymorph (5)
Scrolls
 r - 4 scrolls of immolation
 s - 7 scrolls of revelation
 u - 10 scrolls of identify
 v - a scroll of fog
 w - a scroll of blinking
 y - 3 scrolls of amnesia
 C - 2 scrolls of torment
 G - 3 scrolls of teleportation
Potions
 a - a potion of invisibility
 e - 3 potions of curing
 f - 2 potions of resistance
 i - 5 potions of mutation
 j - 5 potions of enlightenment
 k - 5 potions of lignification
 n - 2 potions of might
 o - 4 potions of haste
 t - 3 potions of brilliance
 A - 2 potions of ambrosia
 F - 2 potions of attraction
 L - a potion of cancellation


   Skills:
 - Level 10.0 Fighting
 * Level 18.8 Ranged Weapons
 - Level 1.0 Throwing
 - Level 7.0 Armour
 + Level 8.7 Dodging
 - Level 16.1 Unarmed Combat
 - Level 8.0 Spellcasting
 - Level 5.0 Necromancy


You had 29 spell levels left.
You knew the following spells:

 Your Spells              Type           Power      Damage    Failure   Level
a - Sublimation of Blood  Necr           26%        N/A       1%          2

Your spell library contained the following spells:

 Spells                   Type           Power      Damage    Failure   Level
 Necrotise                Necr           100%       1d9       1%          1
 Vampiric Draining        Necr           26%        2d7       3%          3
 Apportation              Tloc           14%        N/A       9%          1
 Freeze                   Ice            28%        1d5       9%          1
 Magic Dart               Conj           28%        1d4       9%          1
 Slow                     Hex            28%        N/A       9%          1
 Sting                    Conj/Alch      28%        1d4       9%          1
 Summon Small Mammal      Summ           28%        N/A       9%          1
 Searing Ray              Conj           14%        2d5       14%         2
 Call Canine Familiar     Summ           7%         N/A       26%         3
 Confusing Touch          Hex            7%         N/A       26%         3
 Frozen Ramparts          Ice            14%        1d3       26%         3
 Gell's Gravitas          Tloc           7%         N/A       26%         3
 Hailstorm                Conj/Ice       7%         3d5       26%         3
 Inner Flame              Hex/Fire       7%         N/A       26%         3
 Ozocubu's Armour         Ice            7%         N/A       26%         3
 Sigil of Binding         Hex            7%         N/A       26%         3
 Teleport Other           Tloc           7%         N/A       26%         3
 Volatile Blastmotes      Fire/Tloc      14%        2d11      26%         3
 Flame Wave               Conj/Fire      7%         2d5       65%         4
 Fulminant Prism          Conj/Alch      3%         3d5       65%         4
 Iskenderun's Mystic Bla  Conj/Tloc      7%         2d4       65%         4
 Passage of Golubria      Tloc           7%         N/A       65%         4
 Petrify                  Alch/Erth      7%         N/A       65%         4
 Sticky Flame             Fire/Alch      7%         2d4       65%         4
 Summon Blazeheart Golem  Fire/Summ      7%         N/A       65%         4
 Irradiate                Conj/Alch      3%         3d12      94%         5
 Metabolic Englaciation   Hex/Ice        3%         N/A       94%         5
 Silence                  Hex/Air        3%         N/A       94%         5
 Dispersal                Tloc           3%         N/A       100%        6
 Sculpt Simulacrum        Ice/Alch       3%         N/A       100%        6
 Lehudib's Crystal Spear  Conj/Erth      3%         10d3      100%        8


Dungeon Overview and Level Annotations

Branches:
Dungeon (15/15)            Temple (1/1) D:6            Lair (5/5) D:9
  Swamp (2/4) Lair:2       Spider (0/4) Lair:3        Slime (0/5) Lair:4
    Orc (2/2) D:10            Elf (0/3) Orc:2        Vaults (0/5) D:14
 Depths (0/4) D:15        Ossuary (visited)

Altars:
Ashenzari
Cheibriados
Dithmenos
Fedhas
Gozag
Hepliaklqana
Kikubaaqudgha
Makhleb
Nemelex Xobeh
Okawaru
Qazlal
Ru
Sif Muna
Trog
Uskayaw
Vehumet
Wu Jian
Xom
Yredelemnul
Beogh

Shops:
D:6 **   D:7 =   Orc:1 :   Orc:2 :*?=?

Annotations:
Swamp:2 3 runed translucent doors, Hufeaj's ghost, journeyman DsEE


Innate Abilities, Weirdness & Mutations

Your life essence is reduced to manifest your ancestor. (-10% HP)
You have claws for hands.
You are mostly covered in slimy green scales. (AC +3)
Your demonic aura often causes spilled blood to erupt in flames.
You regenerate magic rapidly.


Message History

The will-o-the-wisp is engulfed in blazing flames.
The will-o-the-wisp closely misses you.
You mangle the will-o-the-wisp!!
You destroy the will-o-the-wisp!
You start resting.
A swamp dragon is nearby!
You feel better.
The sentinel's mark upon you fades away.
The swamp dragon is engulfed in blazing flames.
The swamp dragon breathes poison at you.
The blast of poison misses you.
The swamp dragon is engulfed in blazing flames.
The swamp dragon closely misses you.
The swamp dragon claws you but does no damage.
The swamp dragon misses you.
You scratch the swamp dragon.
The swamp dragon is moderately wounded.
The swamp dragon barely misses you. The swamp dragon completely misses you.
The swamp dragon misses you.
You mangle the swamp dragon!! You claw the swamp dragon!
The swamp dragon is almost dead.
The alligator closely misses you. x2; The swamp dragon misses you.
The swamp dragon completely misses you. The swamp dragon closely misses you.
You mangle the swamp dragon!!
You kill the swamp dragon!
The swamp dragon scales are intact enough to wear.
The alligator tail-slaps you but does no damage.
The alligator bites you!
* * * LOW HITPOINT WARNING * * *
The alligator drags you backwards!
Splash!
Unknown command.
Your unstable footing causes you to fumble your attack.
The alligator closely misses you. x2
Your unstable footing causes you to fumble your attack.
The alligator tail-slaps you!
* * * LOW HITPOINT WARNING * * *
The alligator bites you!
You die...
Hepliaklqana delivers you to your ancestors.

.§~~.~..~..§~.~.. .
~.~§.~~~.♣♣.~.... ..
~[(~.~~~.♣♣.~~..# .♣
~~~~.~..~~♣♣.~./######..♣.
....♣~~~~~.♣♣~..##.)○...~.
.†..~~§.~§~.♣♣..##..$(...~
##...~~...~.)♣.~#)..○♣♣♣.
#...÷~~♣~....♣.☼☼°°~.~...
.#.....<~~...÷~~@~°...~..♣
i#..~.~~§.~..÷§l~~.♣♣..~♣♣
n#.....~~♣~.....~...♣♣.♣♣
l#....~~~.~♣♣..♣~...♣ ♣♣
.#......~.♣♣♣♣♣♣♣♣..♣
.#.[..[.~.♣ ♣~♣♣
##..~~...♣♣ .♣ ...~~.♣♣♣
♣♣ .[...~.♣


You could see an alligator.

Vanquished Creatures
  Rupert (D:15)
  A thorn hunter (Swamp:2)
  A fenstrider witch (Swamp:2)
  Louise (D:15)
  An orc warlord (Orc:2)
  A very ugly thing (D:15)
  The ghost of Azathron the Thaumaturge, a journeyman DsAl of Kikubaaqudgha (D:13)
  3 eleionomae
  2 bunyips (Swamp:2)
  Snorg (D:12)
  Josephine (Lair:4)
  2 rakshasas (D:15)
  5 vault guards (D:14)
  2 catoblepae (Lair:5)
  2 centaur warriors
  8 hydras
  2 ogre magi
  15 two-headed ogres
  2 alligators (Swamp:2)
  A boulder beetle (D:14)
  13 death yaks
  4 tengu warriors
  Urug (D:13)
  7 spriggans
  3 skysharks
  2 goliath frogs (Swamp:2)
  2 deep trolls (Orc:2)
  An orb spider (Lair:3)
  2 bog bodies
  A glowing orange brain (D:15)
  3 spriggan druids
  3 swamp dragons (Swamp:2)
  2 deep elf archers
  An arcanist (D:11)
  9 orc knights
  A deep elf zephyrmancer (D:13)
  3 deep elf pyromancers
  An ugly thing (D:15)
  2 orc sorcerers
  4 manticores
  9 cyclopes
  3 will-o-the-wisps
  5 elephants (Lair:5)
  6 slime creatures
  4 black mambas
  A meliai (D:15)
  3 gargoyles
  17 cane toads
  A rime drake (shapeshifter) (D:14)
  A torpor snail (Lair:4)
  3 kobold blastminers
  6 rime drakes
  4 kobold demonologists
  An ice devil (D:13)
  3 yaktaurs
  4 unseen horrors
  2 efreet (D:13)
  10 komodo dragons
  2 tengu conjurers
  A freezing wraith (D:15)
  14 trolls
  2 bloated husks (Swamp:1)
  A polar bear (Lair:4)
  A merfolk (shapeshifter) (D:15)
  7 tyrant leeches
  8 hornets
  Grinder (D:6)
  6 dream sheep (Lair:3)
  15 blink frogs
  2 wyverns
  75 yaks
  3 shadows
  8 wraiths
  2 vampires
  A human (D:14)
  2 water elementals (D:15)
  4 basilisks
  4 wargs
  18 vampire mosquitoes
  5 swamp worms
  13 water moccasins
  3 sky beasts
  7 black bears
  25 orc warriors
  A sky beast (shapeshifter) (D:15)
  An ice beast (D:7)
  A tengu (shapeshifter) (D:14)
  20 ogres
  6 centaurs
  11 wolves
  A boggart (D:11)
  A phantom (D:6)
  12 bullfrogs
  A kobold brigand (D:10)
  3 gnoll sergeants
  8 scorpions
  10 wights
  A hexer (Lair:5)
  3 killer bees (D:8)
  15 electric eels
  6 howler monkeys
  4 lava snakes (Lair:3)
  A human zombie (Ossuary)
  3 bombardier beetles
  2 centaur zombies (Ossuary)
  3 jellies
  A gnoll bouda (D:5)
  19 orc priests
  10 hounds
  2 sleepcaps (D:5)
  Ijyb (D:5)
  7 scorpion zombies (Ossuary)
  19 orc wizards
  4 iguanas
  3 hell rats (Lair:4)
  4 mummies
  18 gnolls
  6 adders
  2 shadow imps
  3 white imps
  4 ufetubi
  2 adder zombies (Ossuary)
  3 dart slugs
  2 ribbon worms (D:2)
  72 orcs
  7 ball pythons
  8 bats
  3 endoplasms
  A giant cockroach (D:1)
  2 gnoll zombies (Ossuary)
  12 goblins
  10 hobgoblins
  A quokka (D:1)
  2 ball python zombies (Ossuary)
  3 frilled lizards
  A jackal zombie (Ossuary)
  16 kobolds
  3 rats (D:1)
  A butterfly (D:7)
797 creatures vanquished.

Vanquished Creatures (collateral kills)
  A thorn hunter (Swamp:1)
  A frost giant (D:12)
  A hydra (Swamp:1)
  An ogre mage (Orc:2)
  A catoblepas (Lair:5)
  3 death yaks
  A deep elf knight (D:14)
  A skyshark (Lair:3)
  An orc knight (Orc:1)
  An ugly thing (D:15)
  2 elephants (Lair:5)
  A black mamba (Lair:4)
  2 cane toads
  A rime drake (Lair:3)
  A komodo dragon (D:11)
  A troll (D:12)
  A hornet (Swamp:2)
  A tyrant leech (Lair:2)
  2 spriggans (Swamp:2)
  A wraith (Lair:4)
  13 yaks
  A water elemental (D:12)
  A wyvern (Lair:5)
  2 vampire mosquitoes
  2 water moccasins (Lair:3)
  An orc warrior (D:8)
  An ogre (Orc:2)
  A wolf (Lair:5)
  A kobold brigand (D:7)
  A bullfrog (D:7)
  A gnoll sergeant (D:7)
  A howler monkey (D:11)
  2 electric eels (D:9)
  A hound (D:9)
  2 orc wizards
  A hell rat (Lair:4)
  A white imp (D:7)
  8 orcs
  A butterfly (D:7)
67 creatures vanquished.

Vanquished Creatures (others)
  A basilisk (D:13)
  11 hexers
  An orc (Orc:2)
  14 foxfires (Swamp:2)
27 creatures vanquished.

Grand Total: 891 creatures vanquished

Notes
Turn   | Place    | Note
-------+----------+-------------------------------------------
     0 | D:1      | ryw the Demonspawn Monk began the quest for the Orb.
     0 | D:1      | Reached XP level 1. HP: 18/18 MP: 1/1
   113 | D:1      | Gained mutation: You have sharp fingernails. [demonic
                  | ancestry]
   113 | D:1      | Reached XP level 2. HP: 22/24 MP: 2/2
   657 | D:1      | Gained mutation: You have very sharp fingernails. [demonic
                  | ancestry]
   657 | D:1      | Reached XP level 3. HP: 26/29 MP: 3/3
  1616 | D:2      | Reached XP level 4. HP: 33/37 MP: 4/4
  1862 | D:3      | Reached skill level 1 in Throwing
  1979 | D:3      | Found an iron altar of Okawaru.
  2245 | D:3      | Reached XP level 5. HP: 19/42 MP: 5/5
  2549 | D:3      | Identified a scroll of acquirement
  2549 | D:3      | Acquired the +8 longbow "Zephyr" {speed, Dex+3 SInv}
  2549 | D:3      | Found the +8 longbow "Zephyr" {speed, Dex+3 SInv}
  2863 | D:4      | Reached skill level 1 in Ranged Weapons
  2957 | D:4      | Reached XP level 6. HP: 48/48 MP: 6/6
  3095 | D:4      | Reached skill level 2 in Ranged Weapons
  3246 | D:5      | Entered Level 5 of the Dungeon
  3265 | D:5      | Noticed Ijyb
  3268 | D:5      | Killed Ijyb
  3269 | D:5      | Reached skill level 5 in Unarmed Combat
  3306 | D:5      | Gained mutation: Your demonic aura sometimes causes spilled
                  | blood to erupt in flames. [demonic ancestry]
  3306 | D:5      | Reached XP level 7. HP: 55/55 MP: 7/7
  3448 | D:5      | Reached skill level 3 in Ranged Weapons
  3648 | D:5      | Reached skill level 5 in Fighting
  3707 | D:5      | Reached skill level 4 in Ranged Weapons
  3707 | D:5      | Reached XP level 8. HP: 62/62 MP: 8/8
  3800 | D:5      | Found a basalt altar of Yredelemnul.
  3952 | D:6      | Reached skill level 5 in Ranged Weapons
  3995 | D:6      | Found a sand-covered staircase.
  4006 | Ossuary  | Entered an ossuary
  4209 | Ossuary  | Reached skill level 5 in Dodging
  4308 | Ossuary  | Gained mutation: You regenerate magic rapidly. [demonic
                  | ancestry]
  4308 | Ossuary  | Reached XP level 9. HP: 62/68 MP: 9/9
  4322 | Ossuary  | Acquired a manual of Ranged Weapons
  4370 | Ossuary  | Reached skill level 6 in Ranged Weapons
  4664 | D:6      | Found Neam's General Store.
  4665 | D:6      | Found Woegauj's Specific Store.
  4821 | D:6      | Found a staircase to the Ecumenical Temple.
  4854 | D:6      | Reached skill level 7 in Ranged Weapons
  5033 | D:6      | Noticed Grinder
  5039 | D:6      | Killed Grinder
  5271 | Temple   | Entered the Ecumenical Temple
  5296 | Temple   | Became a worshipper of Hepliaklqana the Forgotten
  5296 | Temple   | Reached * piety under Hepliaklqana
  5296 | Temple   | Reached ** piety under Hepliaklqana
  5297 | Temple   | Remembered your ancestor Otolooj as a hexer
  5403 | D:7      | Reached skill level 8 in Ranged Weapons
  5533 | D:7      | Reached skill level 9 in Ranged Weapons
  5565 | D:7      | Found Soibosh's Jewellery Shop.
  5575 | D:7      | Reached XP level 10. HP: 66/66 MP: 10/10
  5579 | D:7      | Found a shimmering altar of Xom.
  6001 | D:8      | Reached skill level 10 in Ranged Weapons
  6035 | D:8      | Found a bloodstained altar of Trog.
  6357 | D:8      | Reached skill level 11 in Ranged Weapons
  6357 | D:8      | Reached skill level 10 in Unarmed Combat
  6643 | D:9      | Noticed a gargoyle
  6655 | D:9      | Killed a gargoyle
  6920 | D:9      | Found the Hermit's Pendant {Faith Invo=14 Evo=0 MP+5}
  7024 | D:9      | Reached skill level 12 in Ranged Weapons
  7177 | D:9      | Found a staircase to the Lair.
  7199 | D:9      | Reached XP level 11. HP: 71/71 MP: 11/11
  7246 | D:9      | Reached *** piety under Hepliaklqana
  7718 | Lair:1   | Entered Level 1 of the Lair of Beasts
  7948 | Lair:1   | Reached skill level 13 in Ranged Weapons
  8395 | Lair:1   | You fall into a shaft and drop 1 floor!
  8631 | Lair:2   | Reached skill level 14 in Ranged Weapons
  8695 | Lair:2   | Found a staircase to the Swamp.
  9214 | Lair:2   | Gained mutation: Your demonic aura often causes spilled
                  | blood to erupt in flames. [demonic ancestry]
  9214 | Lair:2   | Reached XP level 12. HP: 58/77 MP: 22/22
 10684 | D:6      | Bought a scroll of blinking for 97 gold pieces
 10957 | Lair:3   | Found a hole to the Spider Nest.
 11054 | Lair:3   | Reached **** piety under Hepliaklqana
 11230 | Lair:3   | Reached skill level 15 in Ranged Weapons
 11780 | Lair:4   | Noticed a death yak
 11794 | Lair:4   | Killed a death yak
 11959 | Lair:4   | Noticed a four-headed hydra
 11963 | Lair:4   | Killed a four-headed hydra
 11964 | Lair:4   | Reached skill level 1 in Armour
 11993 | Lair:4   | Gained mutation: You have claws for hands. [demonic
                  | ancestry]
 11993 | Lair:4   | Reached XP level 13. HP: 65/84 MP: 23/23
 12134 | Lair:4   | Noticed Josephine
 12144 | Lair:4   | Killed Josephine
 12622 | Lair:4   | Found a staircase to the Slime Pits.
 12624 | Lair:4   | Reached ***** piety under Hepliaklqana
 12890 | Lair:5   | Entered Level 5 of the Lair of Beasts
 12990 | Lair:5   | Reached skill level 5 in Armour
 13217 | Lair:5   | Gained mutation: You are partially covered in slimy green
                  | scales. (AC +2) [demonic ancestry]
 13217 | Lair:5   | Reached XP level 14. HP: 95/95 MP: 24/24
 13218 | Lair:5   | Reached skill level 16 in Ranged Weapons
 14003 | Lair:5   | Reached skill level 15 in Unarmed Combat
 14678 | D:10     | Entered Level 10 of the Dungeon
 14952 | D:10     | Found a staircase to the Orcish Mines.
 14958 | D:10     | Found a roughly hewn altar of Beogh.
 15442 | D:10     | Found a burning altar of Makhleb.
 15729 | Orc:1    | Entered Level 1 of the Orcish Mines
 15828 | Orc:1    | Reached skill level 1 in Spellcasting
 16377 | D:7      | Bought a +4 ring of slaying for 1170 gold pieces
 16464 | Orc:2    | Entered Level 2 of the Orcish Mines
 16464 | Orc:2    | Reached ****** piety under Hepliaklqana
 16468 | Orc:2    | Noticed an orc warlord
 16831 | Orc:2    | Reached skill level 10 in Fighting
 16859 | Orc:2    | Found a gate leading to a gauntlet.
 16864 | Orc:2    | Found a roughly hewn altar of Beogh.
 17130 | Orc:2    | Killed an orc warlord
 17215 | Orc:2    | Reached XP level 15. HP: 72/103 MP: 25/25
 17512 | Orc:2    | Reached skill level 17 in Ranged Weapons
 17518 | Orc:2    | Found Revoetiuti's Magic Scroll Emporium.
 17572 | Orc:2    | Found a staircase to the Elven Halls.
 17579 | Orc:2    | Found Xurooreh's Jewellery Shoppe.
 17580 | Orc:2    | Found Xugehul's Magic Scroll Emporium.
 17585 | Orc:2    | Found Hoezigip's Assorted Antiques.
 17596 | Orc:2    | Found Yjittu's Book Shoppe.
 17942 | Orc:1    | Found Niotuq's Vocational Training.
 18660 | D:11     | Reached skill level 5 in Spellcasting
 18804 | D:11     | Identified the +3 leather armour of Mowej {Rampage Int-5
                  | Dex+6}
 19283 | D:12     | Noticed Snorg
 19288 | D:12     | Killed Snorg
 19390 | D:12     | Noticed a frost giant
 19421 | D:12     | Killed a frost giant
 20435 | D:13     | Noticed Urug
 20439 | D:13     | Learned a level 2 spell: Sublimation of Blood
 20618 | D:13     | Reached skill level 1 in Necromancy
 20627 | D:13     | Found a large runed translucent door.
 20627 | D:13     | Found a large runed translucent door.
 20628 | D:13     | Noticed Azathron's ghost (journeyman DsAl)
 20902 | D:13     | Killed Urug
 21332 | D:13     | Killed Azathron's ghost
 21869 | D:14     | Found a gate to the Vaults.
 21933 | D:14     | Gained mutation: You are mostly covered in slimy green
                  | scales. (AC +3) [demonic ancestry]
 21933 | D:14     | Reached XP level 16. HP: 109/109 MP: 26/26
 22699 | D:15     | Entered Level 15 of the Dungeon
 22947 | D:15     | Noticed Rupert
 22963 | D:15     | Killed Rupert
 23553 | D:15     | Reached skill level 5 in Necromancy
 23670 | D:15     | Noticed Louise
 23680 | D:15     | Killed Louise
 23681 | D:15     | Reached skill level 18 in Ranged Weapons
 23869 | D:15     | Found a staircase to the Depths.
 24071 | D:15     | Upgraded the game from 0.32-a0-450-g080537f31e to
                  | 0.32-a0-468-g38b2580584
 24238 | Swamp:1  | Entered Level 1 of the Swamp
 24238 | Swamp:1  | Noticed a thorn hunter
 24243 | Swamp:1  | Killed a thorn hunter
 25493 | Orc:2    | Bought a scroll of acquirement for 780 gold pieces
 25493 | Orc:2    | Acquired the +0 cloak of the New World {Rampage rF+ Int+3}
 26208 | Swamp:2  | Noticed Hufeaj's ghost (journeyman DsEE)
 26215 | Swamp:2  | Noticed a thorn hunter
 26329 | Swamp:2  | Found a runed translucent gate.
 26329 | Swamp:2  | Found a runed translucent gate.
 26329 | Swamp:2  | Found a runed translucent gate.
 26333 | Swamp:2  | Noticed a thorn hunter
 26667 | Swamp:2  | Killed a thorn hunter
 27176 | Swamp:2  | Identified the +4 trident of the Pharaoh's Fist {pain,
                  | rPois rF++}
 27190 | Swamp:2  | Identified the +3 mace "Rorow" {venom, *Corrode rF+ Will++
                  | Dex+2}
 27252 | Swamp:2  | Mangled by an alligator

Illustrated notes

Levels and vault maps discovered:
D:1:      dpeg_arrival_simpleton_b, layout_basic, dk_noncrumbling_2,
          grunt_decor_clamped
D:2:      layout_basic, minmay_tromino_v7
D:3:      layout_loops_ring, mainiacjoe_overflow_six_doors_small
D:4:      layout_loops_cross, moated_statue
D:5:      minmay_bubble_buster, layout_rooms, mainiacjoe_overflow_alcove_1,
          uniq_ijyb
D:6:      layout_loops_corners, minmay_temple_entry_trees,
          gup_ossuary_entry_pyramid, nicolae_specific_store, uniq_grinder
D:7:      minmay_recursive_quarters, layout_basic, xom_butterflies,
          nicolae_stop_n_shop_2
D:8:      layout_basic, old_standard_altar, mainiacjoe_overflow_tiny_flanked
D:9:      layout_basic, zin_scriptorium, erik_lair_island, minivault_5
D:10:     layout_loops_corners, nicolae_overflow_crystal_walls,
          minmay_orc_entry_temple_small
D:11:     minmay_opposing_rooms, layout_long_grid
D:12:     layout_roguey, serial_bayou, serial_bayou_ford_a,
          serial_bayou_lagoon_a, serial_bayou_pond_d, serial_bayou_lake_a,
          hangedman_decor_riveting, kennysheep_four_rooms, uniq_snorg
D:13:     layout_basic, ebering_ghost_disaster_area,
          dilly_guarded_unrand_elemental_staff, uniq_urug
D:14:     layout_stronghold, grunt_vaults_entry_fortified
D:15:     gammafunk_enter_depths_forms, layout_irregular_city,
          minmay_misc_feat_rugged, serial_bayou, serial_bayou_crossing,
          serial_bayou_shore_b, serial_bayou_pond_b, serial_bayou_shore_a,
          kb_rosetta, uniq_rupert, uniq_louise
Temple:   regret_index_temple_waves
Lair:1:   layout_cave_pods, grunt_megastairs_2
Lair:2:   layout_regular_city, minmay_swamp_entry_swarm
Lair:3:   layout_cave_pods, nicolae_spider_entry_orb_guardian,
          nicolae_lair_liquid_snakes
Lair:4:   layout_big_grid, dpeg_slime_entry_enclosed, lemuel_fruit_tree,
          grunt_megastairs_1, uniq_josephine
Lair:5:   evilmike_catoblepas_cave, layout_cave_pods
Swamp:1:  layout_basic_swamp, nicolae_swamp_treefoil, infiniplex_staircase_pool
Swamp:2:  layout_falls_marsh, gammafunk_ghost_split, hangedman_swamp_ruin_wall
Orc:1:    layout_caves, special_room [special_room_orc], nicolae_shop_vocational
Orc:2:    st_orc_open, layout_caves, gauntlet_entry_generic, serial_shops,
          nicolae_shop_real_fake_doors, basic_altar

Skill      XL: |  1  2  3  4  5  6  7  8  9 10 11 12 13 14 15 16 |
---------------+-------------------------------------------------+-----
Dodging        | 3 4 5 6 8 |  8.7
Unarmed Combat | 3 4 5 6 7 9 10 12 13 14 15 16 | 16.1
Throwing       | 1 |  1.0
Fighting       | 4 5 6 8 10 | 10.0
Ranged Weapons | 1 2 4 5 9 12 14 15 16 17 18 | 18.8
Armour         | 1 6 7 |  7.0
Spellcasting   | 3 6 8 |  8.0
Necromancy     | 3 5 |  5.0

Action                     |  1- 3 |  4- 6 |  7- 9 | 10-12 | 13-15 | 16-18 || total
---------------------------+-------+-------+-------+-------+-------+-------++-------
  Melee: Unarmed           |   107 |    56 |    29 |     2 |     1 |    10 ||   205
         Punch             |       |       |       |       |       |     2 ||     2
   Fire: Longbow           |       |    41 |   260 |   509 |  1099 |   368 ||  2277
 Invoke: Ancestor Life: He |       |       |     1 |       |       |       ||     1
         Ancestor Identity |       |       |       |     1 |       |       ||     1
         Recall Ancestor   |       |       |       |     2 |       |     4 ||     6
  Evoke: Wand              |       |       |       |       |     2 |       ||     2
    Use: Scroll            |       |     7 |     1 |    18 |     3 |     3 ||    32
         Potion            |       |       |     1 |       |       |     5 ||     6
 Armour: Robe              |    18 |       |       |       |    72 |    68 ||   158
         Ring mail         |    34 |    42 |    92 |    57 |    23 |       ||   248
  Dodge: Dodged            |    56 |    27 |    92 |    41 |   127 |    60 ||   403

Table legend: (Time is in decaauts)
 A = Elapsed time spent in this place.
 B = Non-inter-level travel time spent in this place.
 C = Inter-level travel time spent in this place.
 D = Time resting spent in this place.
 E = Time spent auto-exploring this place.
 F = Levels seen in this place.
 G = Mean time per level.
                   A        B        C        D        E       F      G
               +--------+--------+--------+--------+--------+-----+--------+
         Total |  26710 |  23925 |   2785 |   4599 |  15662 |  26 | 1027.3 |
       Dungeon |  14730 |  13314 |   1416 |   1313 |  10116 |  15 |  982.0 |
        Temple |     51 |      4 |     47 |      0 |      0 |   1 |   51.0 |
          Lair |   7349 |   6424 |    925 |   1439 |   4066 |   5 | 1469.8 |
         Swamp |   1898 |   1769 |    129 |   1028 |    428 |   2 |  949.0 |
  Orcish Mines |   2206 |   1939 |    267 |    745 |    820 |   2 | 1103.0 |
       Ossuary |    474 |    474 |      0 |     73 |    232 |   1 |  474.0 |
               +--------+--------+--------+--------+--------+-----+--------+

Top non-repeatable levels by time:
  Lair:1: 1812 daAuts
  Lair:2: 1806 daAuts
    D:15: 1450 daAuts
  Lair:5: 1423 daAuts
     D:9: 1417 daAuts
    D:12: 1417 daAuts
   Orc:1: 1410 daAuts
  Lair:4: 1268 daAuts
 Swamp:1: 1230 daAuts
    D:14: 1168 daAuts
    D:13: 1163 daAuts
    D:10: 1124 daAuts
     D:1: 1108 daAuts
     D:6: 1057 daAuts
  Lair:3: 1039 daAuts
